 Dungeon Crawl Stone Soup version 0.30.1-4-g462c640d31 (webtiles) character file.

Game seed: 11165241129275639171

150406 rddays123 the Warrior (level 16, -5/160 HPs)
             Began as a Minotaur Fighter on Sept 7, 2023.
             Was the Champion of Okawaru.
             Succumbed to a death drake's dark miasma
             ... on level 15 of the Dungeon.
             The game lasted 01:15:11 (26340 turns).

rddays123 the Warrior (Minotaur Fighter)           Turns: 26340, Time: 01:15:12

Health: -5/160     AC: 34    Str: 32    XL:     16   Next: 98%
Magic:  23/23      EV: 12    Int:  5    God:    Okawaru [******]
Gold:   254        SH:  5    Dex: 11    Spells: 15/15 levels left

rFire   + + +        x - +5 broad axe (freeze)
rCold   . . .        c - +0 buckler
rNeg    . . .        h - +4 plate armour {rF+}
rPois   .            U - +2 hat of Okawaru's Envy {SInv}
rElec   .            F - +2 cloak
rCorr   .            (no gloves)
SInv    +            u - +2 pair of boots {Fly}
Will    ++...        K - amulet of faith Stlth
                     n - ring of willpower
HPRegen 0.46/turn    B - ring of Amotz {Contam rF++ AC+4 Str+4}
MPRegen 0.18/turn

%: faith
@: lethally poisoned (-5 -> -34), flying, slowed, very slow
A: horns 2, retaliatory headbutt, mutation resistance 1
a: Renounce Religion, Heroism, Finesse, Duel


You were on level 15 of the Dungeon.
You worshipped Okawaru.
Okawaru was exalted by your worship.
You visited 4 branches of the dungeon, and saw 23 of its levels.

You collected 2332 gold pieces.
You spent 2078 gold pieces at shops.

Inventory:

Hand Weapons
 x - a +5 broad axe of freezing (weapon)
 G - a +2 whip of freezing
 I - a +0 broad axe of chaos
 Q - a +5 trident of flaming
Missiles
 p - 8 boomerangs of dispersal (quivered)
 t - 6 throwing nets
Armour
 a - the +3 pair of seven-league boots {Rampage+∞}
   (You found it on level 1 of the Lair of Beasts)

   Rampage+∞: When moving toward enemies, its wearer moves as far as possible,
   alerting their target en route.
 c - a +0 buckler (worn)
 d - a +2 hat
 h - a +4 plate armour of fire resistance (worn)
 u - a +2 pair of boots of flying (worn)
 F - a +2 cloak (worn)
 U - the +2 hat of Okawaru's Envy (worn) {SInv}
   (Okawaru gifted it to you on level 14 of the Dungeon)

   SInv:      It lets you see invisible.
Jewellery
 n - a ring of willpower (left hand)
 v - a ring of positive energy
 w - a ring of magical power
 B - the ring of Amotz (right hand) {Contam rF++ AC+4 Str+4}
   (You bought it in a shop on level 5 of the Dungeon)

   [ring of protection]

   AC:        It affects your AC (+4).
   Str:       It affects your strength (+4).
   rF:        It greatly protects you from fire.
   Contam:    It causes magical contamination when unequipped.
 C - a ring of see invisible
 D - a +6 ring of strength
 H - a +5 ring of evasion
 K - an amulet of faith (around neck)
 O - a ring of poison resistance
 T - an amulet of regeneration
Wands
 b - a wand of iceblast (6)
 f - a wand of flame (12)
 E - a wand of mindburst (15)
 J - a wand of paralysis (13)
 Z - a wand of quicksilver (11)
Scrolls
 g - 5 scrolls of teleportation
 o - 3 scrolls of poison
 y - 4 scrolls of fear
 A - 4 scrolls of fog
 P - 2 scrolls of magic mapping
 R - a scroll of silence
 W - 3 scrolls of blinking
 X - a scroll of identify
Potions
 e - 2 potions of flight
 i - 7 potions of mutation
 j - 2 potions of haste
 k - 5 potions of curing
 l - 3 potions of ambrosia
 m - 2 potions of berserk rage
 q - 4 potions of lignification
 r - 3 potions of cancellation
 s - a potion of might
 z - a potion of magic
 L - 3 potions of brilliance
 S - a potion of resistance
 Y - 3 potions of invisibility
Miscellaneous
 M - a phial of floods
 N - a phantom mirror
 V - a lightning rod (4/4)


   Skills:
 + Level 19.0 Fighting
 - Level 18.6 Axes
 + Level 15.1 Armour
 + Level 11.7 Dodging
 - Level 5.0 Shields
 - Level 11.4 Invocations


You had 15 spell levels left.
You didn't know any spells.
Your spell library contained the following spells:

 Spells                   Type           Power      Damage    Failure   Level
 Apportation              Tloc           0%         N/A       96%         1
 Beastly Appendage        Tmut           0%         N/A       96%         1
 Necrotise                Necr           0%         1d4       96%         1
 Sting                    Tmut/Pois      0%         1d3       96%         1
 Blink                    Tloc           0%         N/A       99%         2
 Lesser Beckoning         Tloc           0%         N/A       99%         2
 Momentum Strike          Conj/Tloc      0%         3d8       99%         2
 Poisonous Vapours        Pois/Air       0%         N/A       99%         2
 Wereblood                Tmut           0%         N/A       99%         2
 Mephitic Cloud           Conj/Pois/Air  0%         N/A       100%        3
 Spider Form              Tmut/Pois      0%         N/A       100%        3
 Ice Form                 Ice/Tmut       0%         N/A       100%        4
 Leda's Liquefaction      Hex/Erth       0%         N/A       100%        4
 Olgreb's Toxic Radiance  Pois           0%         N/A       100%        4
 Petrify                  Tmut/Erth      0%         N/A       100%        4
 Blade Hands              Tmut           0%         N/A       100%        5
 Freezing Cloud           Conj/Ice/Air   0%         6-21      100%        5
 Irradiate                Conj/Tmut      0%         3d11      100%        5
 Lee's Rapid Deconstruct  Erth           0%         3d4*      100%        5
 Metabolic Englaciation   Hex/Ice        0%         N/A       100%        5
 Iron Shot                Conj/Erth      0%         9d1       100%        6
 Statue Form              Tmut/Erth      0%         N/A       100%        6
 Dragon Form              Tmut           0%         N/A       100%        7
 Summon Small Mammal      Summ           Unusable   N/A       N/A         1
 Call Canine Familiar     Summ           Unusable   N/A       N/A         3
 Summon Guardian Golem    Hex/Summ       Unusable   N/A       N/A         3
 Animate Armour           Summ/Erth      Unusable   N/A       N/A         4

Dungeon Overview and Level Annotations

Branches:
Dungeon (15/15)            Temple (1/1) D:6            Lair (5/5) D:10
 Shoals (0/4) Lair:3       Spider (0/4) Lair:2        Slime (0/5) Lair:5
    Orc (2/2) D:11            Elf (0/3) Orc:2        Vaults (0/5) D:14
 Depths: D:15

Altars:
Ashenzari
Cheibriados
Dithmenos
Elyvilon
Fedhas
Gozag
Hepliaklqana
Kikubaaqudgha
Makhleb
Nemelex Xobeh
Okawaru
Qazlal
Ru
Sif Muna
Trog
Uskayaw
Vehumet
Wu Jian
Xom
Yredelemnul
Zin
The Shining One

Shops:
D:1 *   D:5 ****(=   D:8 ?   Orc:2 [*?=


Innate Abilities, Weirdness & Mutations

You have a pair of horns on your head.
You reflexively headbutt those who attack you in melee.
You are somewhat resistant to further mutation.


Message History

You miss the death drake.
The death drake is moderately wounded.
You are engulfed in dark miasma.
You are more poisoned.
You feel as though you will be slow longer.
You feel extremely sick.
The death drake bites you but does no damage.
The death drake attacks as you move away!
The death drake bites you.
You are engulfed in dark miasma.
You are more poisoned.
You feel extremely sick. The death drake barely misses you.
You furiously retaliate!
You headbutt the death drake.
* * * LOW HITPOINT WARNING * * *
You feel extremely sick. The death drake breathes miasma at you.
The foul vapour engulfs you but does no damage.
Blink to where?
Press: ? - help, Dir - move target
As you read the scroll of blinking, it crumbles to dust.
* * * LOW HITPOINT WARNING * * *
You feel extremely sick.
Okay, then.
Blink to where?
Press: ? - help, Dir - move target
As you read the scroll of blinking, it crumbles to dust.
You feel extremely sick.
You feel very sick.
You feel very sick.
There is an open door here.
You feel very sick.
You feel sick.
You feel better. The death drake breathes miasma at you.
The foul vapour engulfs you but does no damage.
You are engulfed in dark miasma.
You are lethally poisoned!
You feel as though you will be slow longer.
* * * LOW HITPOINT WARNING * * *
You die...

#########
#.......#
#.......#
#.......#
#.......#
#...°@°°#
#..°°°°.#
#...°○°.#
#####☼### #☼#
.#########k#
...........##
#######.###)#
##
#.###.####.).


You could see a death drake (catching breath).

Vanquished Creatures
  Kirke (D:14)
  Roxanne (D:14)
  Nessos (Lair:4)
  Snorg (D:13)
  5 vault guards (D:14)
  Harold (Orc:1)
  7 ogre magi
  6 hydras
  2 catoblepae
  A death knight (D:15)
  3 centaur warriors
  A merfolk avatar (Lair:5)
  25 two-headed ogres
  6 boulder beetles
  Nergalle (D:10)
  2 skysharks (Lair:5)
  A fire crab (shapeshifter) (D:13)
  A fire crab (Lair:5)
  4 skeletal warriors
  A deep elf archer (D:14)
  A phantasmal warrior (D:15)
  2 harpies (Lair:5)
  2 orc knights
  2 wizards (D:14)
  A deep elf pyromancer (D:13)
  5 orc sorcerers
  17 ugly things
  Pikel (D:7)
  A deep elf zephyrmancer (D:10)
  A manticore (D:12)
  8 cyclopes
  6 black mambas
  An eye of devastation (Lair:5)
  Maurice (D:10)
  A merfolk siren (Lair:3)
  13 elephants
  A guardian serpent (Lair:1)
  2 gargoyles
  10 cane toads
  5 kobold demonologists
  3 rime drakes
  7 komodo dragons
  An efreet (D:13)
  11 trolls
  A merfolk (Lair:3)
  3 wind drakes (Lair:5)
  4 meliai
  11 polar bears
  Prince Ribbit (D:7)
  17 blink frogs
  2 hornets
  5 slime creatures (D:12)
  Sigmund (D:6)
  5 culicivoras (Lair:2)
  4 shadows
  A vampire (D:10)
  5 wraiths
  7 wyverns
  4 basilisks
  37 yaks
  7 hogs (D:14)
  A human (D:14)
  7 steam dragons
  Grum (Lair:1)
  An acid dragon (D:6)
  8 vampire mosquitoes
  20 water moccasins
  3 wargs
  A floating eye (Lair:5)
  A sky beast (D:7)
  10 ice beasts
  10 orc warriors
  A black bear (D:8)
  31 ogres
  A lemure (D:7)
  20 wolves
  9 centaurs
  6 kobold brigands
  3 phantoms
  Blork the orc (D:6)
  11 bullfrogs
  4 scorpions
  A gnoll sergeant (D:9)
  10 wights
  9 killer bees
  2 howler monkeys (D:10)
  2 electric eels
  3 jellies
  4 hounds (D:5)
  A gnoll bouda (D:9)
  16 orc priests
  5 iguanas
  2 sleepcaps
  16 orc wizards
  6 gnolls
  7 adders
  2 white imps (D:6)
  3 worms (D:2)
  4 dart slugs (D:1)
  61 orcs
  5 ball pythons
  5 bats
  8 endoplasms
  A giant cockroach (D:4)
  4 goblins
  6 hobgoblins
  6 jackals
  31 kobolds
  A quokka (D:5)
  8 frilled lizards
  2 rats (D:1)
670 creatures vanquished.

Vanquished Creatures (others)
  A basilisk (Lair:5)
  2 yaks (D:9)
  A steam dragon (D:9)
  A gnoll (D:9)
5 creatures vanquished.

Grand Total: 675 creatures vanquished

Notes
Turn   | Place    | Note
-------+----------+-------------------------------------------
     0 | D:1      | rddays123 the Minotaur Fighter began the quest for the Orb.
     0 | D:1      | Reached XP level 1. HP: 19/19 MP: 0/0
    76 | D:1      | Found Ritse's Assorted Antiques.
   145 | D:1      | Reached XP level 2. HP: 27/27 MP: 1/1
   248 | D:1      | Reached skill level 4 in Fighting
   409 | D:1      | Reached XP level 3. HP: 31/33 MP: 2/2
   481 | D:1      | Found a faded altar of an unknown god.
   798 | D:2      | Reached XP level 4. HP: 39/41 MP: 3/3
  1932 | D:4      | Reached XP level 5. HP: 47/47 MP: 4/4
  2207 | D:4      | Reached skill level 5 in Fighting
  2209 | D:4      | Reached skill level 5 in Armour
  2209 | D:4      | Reached skill level 5 in Shields
  2427 | D:5      | Entered Level 5 of the Dungeon
  2471 | D:5      | Found Maug's Weapon Shop.
  2486 | D:5      | Bought a +0 broad axe for 60 gold pieces
  2533 | D:5      | Noticed an ogre
  2558 | D:5      | Killed an ogre
  2559 | D:5      | Reached XP level 6. HP: 37/56 MP: 5/5
  2644 | D:5      | Reached skill level 5 in Axes
  2668 | D:5      | Reached skill level 6 in Fighting
  2722 | D:5      | Reached XP level 7. HP: 50/64 MP: 6/6
  2791 | D:5      | Found Geiryikk's General Store.
  3018 | D:5      | Found Elaczila's Assorted Antiques.
  3022 | D:5      | Found Voleynil's Serpentskin Sales.
  3027 | D:5      | Reached skill level 7 in Fighting
  3054 | D:5      | Bought a scroll labelled ARAUTOCSIO for 31 gold pieces
  3054 | D:5      | Bought a scroll labelled SOAGISMAHEPS for 31 gold pieces
  3302 | D:5      | Reached skill level 8 in Fighting
  3302 | D:5      | Reached XP level 8. HP: 33/74 MP: 7/7
  3485 | D:5      | Found Xasmim's Jewellery Emporium.
  3766 | D:5      | Found Reast's Assorted Antiques.
  3772 | D:5      | Bought a translucent lapis lazuli ring for 95 gold pieces
  3772 | D:5      | Identified the ring of Amotz {Contam rF++ AC+4 Str+4} (You
                  | bought it in a shop on level 5 of the Dungeon)
  4109 | D:6      | Reached skill level 9 in Fighting
  4146 | D:6      | Found a staircase to the Ecumenical Temple.
  4151 | Temple   | Entered the Ecumenical Temple
  4151 | Temple   | Found a transporter.
  4151 | Temple   | Found a transporter.
  4153 | Temple   | Found a transporter.
  4153 | Temple   | Found a transporter.
  4384 | D:6      | Noticed Blork the orc
  4580 | D:6      | Reached skill level 10 in Fighting
  4669 | D:6      | Reached XP level 9. HP: 70/85 MP: 8/8
  4673 | D:6      | Killed Blork the orc
  4864 | D:6      | Noticed Sigmund
  4869 | D:6      | Killed Sigmund
  4870 | D:6      | Reached skill level 10 in Axes
  5167 | D:6      | Found a glowing silver altar of Zin.
  5167 | D:6      | Found a snail-covered altar of Cheibriados.
  5404 | D:7      | Noticed Prince Ribbit
  5414 | D:7      | Killed Prince Ribbit
  5415 | D:7      | Reached skill level 11 in Fighting
  5928 | D:7      | You fall into a shaft and drop 2 floors!
  5938 | D:9      | Found a flagged portal.
  5944 | D:9      | Noticed a kobold demonologist
  5950 | D:9      | Noticed a hellwing
  5953 | D:9      | Found a broken altar of Ashenzari.
  6052 | D:8      | Found Xaiqe's Magic Scroll Shop.
  6056 | D:8      | Bought a scroll of identify for 28 gold pieces
  6056 | D:8      | Bought a scroll of identify for 28 gold pieces
  6056 | D:8      | Bought a scroll of blinking for 105 gold pieces
  6263 | D:8      | Reached skill level 12 in Fighting
  6370 | D:8      | Reached XP level 10. HP: 93/97 MP: 9/9
  7447 | D:7      | Noticed Pikel
  7455 | D:7      | Killed Pikel
  7456 | D:7      | Reached skill level 13 in Fighting
  8154 | D:9      | Gained mutation: You are occasionally teleported next to
                  | monsters. [a neqoxec]
  8234 | D:9      | Reached skill level 14 in Fighting
  8552 | D:8      | Lost mutation: You are occasionally teleported next to
                  | monsters. [potion of mutation]
  8552 | D:8      | Gained mutation: You are somewhat resistant to further
                  | mutation. [potion of mutation]
  8594 | D:9      | Reached XP level 11. HP: 108/110 MP: 10/10
  8604 | D:9      | Reached skill level 1 in Dodging
  8978 | D:9      | Found a shimmering altar of Xom.
  9153 | D:10     | Entered Level 10 of the Dungeon
  9153 | D:10     | Noticed Maurice
  9158 | D:10     | Killed Maurice
  9353 | D:10     | Found a staircase to the Lair.
  9428 | D:10     | Noticed a brown ugly thing
  9435 | D:10     | Noticed a centaur warrior
  9717 | D:10     | Killed a centaur warrior
  9967 | D:10     | Reached skill level 5 in Dodging
 10132 | D:10     | Noticed a brown ugly thing
 10141 | D:10     | Killed a purple ugly thing
 10143 | D:10     | Noticed an orc sorcerer
 10144 | D:10     | Killed a purple ugly thing
 10148 | D:10     | Paralysed by an orc sorcerer for 5 turns
 10157 | D:10     | Paralysed by an orc sorcerer for 3 turns
 10164 | D:9      | Killed an orc sorcerer
 10594 | D:10     | Identified the +8 chain mail of Life {Dex+2}
 10604 | D:10     | Identified the staff of death "Cuotano" {rElec rF+ rN+
                  | rCorr Int-4}
 10614 | D:10     | Identified the +2 leather armour "Xukla" {Dex+3}
 10616 | D:10     | Identified the +9 arbalest "Bias" {flame, rF+ Int+3 Dex+3}
 10654 | D:10     | Got the Grimoire of Changing and Virulence
 10655 | D:10     | Noticed a centaur warrior
 10661 | D:10     | Killed a centaur warrior
 10860 | D:10     | Noticed an ogre mage
 10866 | D:10     | Noticed an ogre mage
 10868 | D:10     | Paralysed by an ogre mage for 4 turns
 10874 | D:10     | Killed an ogre mage
 10875 | D:10     | Reached skill level 10 in Armour
 10875 | D:10     | Reached XP level 12. HP: 86/117 MP: 11/11
 10879 | D:10     | Killed an ogre mage
 11109 | D:10     | Found an iron altar of Okawaru.
 11113 | D:10     | Became a worshipper of Warmaster Okawaru
 11186 | D:10     | Noticed Nergalle
 11201 | D:10     | Killed Nergalle
 11544 | D:11     | Reached * piety under Okawaru
 11545 | D:11     | Reached skill level 1 in Invocations
 12020 | D:11     | Reached ** piety under Okawaru
 12103 | D:11     | Found a staircase to the Orcish Mines.
 12310 | D:12     | Reached skill level 5 in Invocations
 12539 | D:12     | Noticed a boulder beetle
 12553 | D:11     | Killed a boulder beetle
 12791 | D:12     | Reached *** piety under Okawaru
 13423 | D:12     | Identified the +1 trident of the Burning Genius {vamp,
                  | Int+5}
 13737 | Lair:1   | Entered Level 1 of the Lair of Beasts
 13772 | Lair:1   | Reached **** piety under Okawaru
 14040 | Lair:1   | Reached XP level 13. HP: 118/125 MP: 18/18
 14210 | Lair:1   | Noticed Grum
 14228 | Lair:1   | Killed Grum
 14509 | Lair:1   | Reached ***** piety under Okawaru
 14930 | Lair:1   | Found the +3 pair of seven-league boots {Rampage+∞}
 15207 | Lair:2   | Reached skill level 15 in Fighting
 15872 | Lair:2   | Reached skill level 15 in Axes
 15921 | Lair:2   | Found a hole to the Spider Nest.
 16609 | Lair:2   | Received a gift from Okawaru
 17402 | Lair:3   | Found a staircase to the Shoals.
 17431 | Lair:3   | Received a gift from Okawaru
 17432 | Lair:3   | Reached skill level 16 in Fighting
 17936 | Lair:4   | Reached ****** piety under Okawaru
 18446 | Lair:4   | Received a gift from Okawaru
 18717 | Lair:4   | Noticed Nessos
 18738 | Lair:4   | Killed Nessos
 19136 | Lair:5   | Entered Level 5 of the Lair of Beasts
 19157 | Lair:5   | Reached XP level 14. HP: 116/138 MP: 19/19
 19164 | Lair:5   | Reached skill level 17 in Fighting
 19590 | Lair:5   | Received a gift from Okawaru
 19842 | Lair:5   | Reached skill level 10 in Invocations
 20049 | Lair:5   | Received a gift from Okawaru
 20147 | Lair:5   | Paralysed by a floating eye for 4 turns
 20158 | Lair:5   | Found a staircase to the Slime Pits.
 20610 | Lair:5   | Identified the +3 rapier of Zaim {drain, rN+ Dex+3 Stlth-}
 21166 | D:5      | Bought a runed plate armour for 806 gold pieces
 21625 | D:13     | Received a gift from Okawaru
 21867 | D:13     | Noticed Snorg
 21880 | D:13     | Killed Snorg
 22576 | Orc:1    | Entered Level 1 of the Orcish Mines
 22580 | Orc:1    | Noticed Harold
 22601 | Orc:1    | Killed Harold
 22602 | Orc:1    | Reached XP level 15. HP: 142/147 MP: 22/22
 23544 | Orc:2    | Entered Level 2 of the Orcish Mines
 23685 | Orc:2    | Found a staircase to the Elven Halls.
 23742 | Orc:2    | Received a gift from Okawaru
 23810 | Orc:2    | Reached skill level 10 in Dodging
 23827 | Orc:2    | Reached skill level 18 in Fighting
 24155 | Orc:2    | Found Bugaur's Magic Scroll Shoppe.
 24155 | Orc:2    | Found Pockaxid's Jewellery Boutique.
 24156 | Orc:2    | Found Amadaul's Armour Shop.
 24156 | Orc:2    | Found Ymipa's Assorted Antiques.
 24167 | Orc:2    | Bought a scroll of identify for 32 gold pieces
 24167 | Orc:2    | Bought a scroll of teleportation for 48 gold pieces
 24167 | Orc:2    | Bought a scroll of fear for 64 gold pieces
 24167 | Orc:2    | Bought a scroll of enchant armour for 120 gold pieces
 24167 | Orc:2    | Bought a scroll of blinking for 120 gold pieces
 24181 | Orc:2    | Bought a scroll of identify for 68 gold pieces
 24181 | Orc:2    | Bought a scroll of teleportation for 102 gold pieces
 24181 | Orc:2    | Bought a scroll of teleportation for 102 gold pieces
 24181 | Orc:2    | Bought a scroll of fear for 136 gold pieces
 24181 | Orc:2    | Bought a scroll of teleportation for 102 gold pieces
 24185 | Orc:2    | Reached XP level 16. HP: 158/158 MP: 23/23
 24913 | D:14     | Identified the +8 fire dragon scales of Satisfaction {Drain
                  | rF++ rC- Dex+4 Stlth+} (Okawaru gifted it to you on level
                  | 14 of the Dungeon)
 24913 | D:14     | Received a gift from Okawaru
 25036 | D:14     | Noticed Roxanne
 25058 | D:14     | Killed Roxanne
 25262 | D:14     | Noticed Kirke
 25505 | D:14     | Found a gate to the Vaults.
 25979 | D:14     | Killed Kirke
 25979 | D:14     | Identified the +2 hat of Okawaru's Envy {SInv} (Okawaru
                  | gifted it to you on level 14 of the Dungeon)
 25979 | D:14     | Received a gift from Okawaru
 25980 | D:14     | Reached skill level 19 in Fighting
 25980 | D:14     | Reached skill level 15 in Armour
 26252 | D:15     | Entered Level 15 of the Dungeon
 26340 | D:15     | HP: 4/160 [death drake (shapeshifter)] (15)]
 26340 | D:15     | Succumbed to a death drake's dark miasma

Illustrated notes

Levels and vault maps discovered:
D:1:      dpeg_arrival_concentric_ovals, layout_loops_ring,
          chequers_ecumenical_altar_twisty, serial_shops, shop_coins
D:2:      layout_loops_ring
D:3:      layout_rooms
D:4:      layout_rooms
D:5:      layout_loops_cross, serial_shops, nicolae_shop_pleasant_corner_grove,
          nicolae_shop_temple_entry_statues_fountains, shop, shop,
          nicolae_square_shop, grunt_ministairs_9, guppyfry_shop_venom
D:6:      layout_loops_cross, amethyst_overflow_temple_binary, temple_doors_e,
          kennysheep_generic_room_15, uniq_sigmund, uniq_blork_the_orc
D:7:      layout_gridville, kennysheep_minor_cross, uniq_pikel,
          uniq_prince_ribbit1
D:8:      layout_gridville, serial_shops, shop
D:9:      layout_cave_pools, xom_confusion_cloud, ashenzari_altar_1,
          enter_bailey_2
D:10:     layout_loops_ring, mainiacjoe_overflow_brackets,
          hellmonk_lair_entry_icy, minmay_misc_feat_rows, minmay_the_grid_2x2
          [minmay_the_grid_box_x, minmay_the_grid_tri_star,
          minmay_the_grid_plusring, minmay_the_grid_prize_trominoes],
          uniq_maurice, uniq_nergalle
D:11:     layout_loops_cross, hiddenorc1_lemuel
D:12:     layout_loops_ring, grunt_ministairs_8
D:13:     layout_basic, uniq_snorg
D:14:     layout_stronghold, grunt_vaults_entry_fortified, uniq_roxanne,
          uniq_kirke
D:15:     grunt_enter_depths_magical_seal, layout_basic,
          minmay_misc_feat_columns
Temple:   hellmonk_temple_divided_pantheon
Lair:1:   layout_chaotic_city, hellmonk_guarded_unrand_seven_league_boots,
          uniq_grum
Lair:2:   layout_cave_pods, hellmonk_spider_entry_life_and_decay
Lair:3:   layout_roguey, elwin_shoals_entry_rooms
Lair:4:   layout_long_grid, chequers_serial_rivers_micro_a, lookout_lair_type,
          grunt_megastairs_4, uniq_nessos
Lair:5:   gammafunk_lair_ancient_temple, layout_hall_layers,
          minmay_slime_entry_eyes
Orc:1:    layout_caves, nicolae_orc_lava_tube, nicolae_orc_lost_temple,
          uniq_harold
Orc:2:    st_orc_ogre_mass, layout_diamond_mine

Skill      XL: |  1  2  3  4  5  6  7  8  9 10 11 12 13 14 15 16 |
---------------+-------------------------------------------------+-----
Fighting       | 4 5 6 8 10 12 14 16 17 18 19 | 19.0
Shields        | 4 5 |  5.0
Axes           | 3 4 5 7 9 11 14 16 18 | 18.6
Armour         | 4 5 10 11 14 15 | 15.1
Dodging        | 7 8 9 10 11 | 11.7
Invocations    | 9 11 | 11.4

Action                     |  1- 3 |  4- 6 |  7- 9 | 10-12 | 13-15 | 16-18 || total
---------------------------+-------+-------+-------+-------+-------+-------++-------
  Melee: War axe           |    58 |    92 |       |       |       |       ||   150
         Headbutt          |    12 |     9 |    34 |   121 |   177 |    54 ||   407
         Broad axe         |       |    17 |   229 |   517 |   698 |   200 ||  1661
         Trident           |       |       |       |       |    54 |     4 ||    58
 Invoke: Finesse           |       |       |       |       |     5 |     3 ||     8
         Heroism           |       |       |       |       |     3 |     1 ||     4
    Use: Potion            |       |     1 |     4 |     4 |     5 |     1 ||    15
         Scroll            |       |       |    16 |     8 |    23 |     3 ||    50
   Stab: Petrified         |       |       |       |       |     1 |       ||     1
 Armour: Scale mail        |    19 |    40 |   135 |    52 |       |       ||   246
         Chain mail        |       |       |       |    63 |       |       ||    63
         Plate armour      |       |       |       |   175 |   524 |    72 ||   771
         Skin              |       |       |       |     1 |       |       ||     1
  Dodge: Dodged            |    25 |    55 |   115 |   229 |   313 |    57 ||   794
  Block: Buckler           |    18 |    35 |    50 |   104 |   135 |    25 ||   367
